cohdb
Replays
Latest Replays
All Replays
Popular Replays
Top Player Replays
Match Explorer
How It Works
Community
CoH3 Stats
Reddit
Sign in to upload your games and track your stats! →
Sign in with Steam
Match 39443694
Unlisted
Match 39443694
Overview
Messages
Build Orders
End
Engineer Squad
Construct Weapon Support Center
M1919 Machine Gun Team
Selects Heavy Weapons
Bazooka Squad
Engineer Squad
M1919 Machine Gun Team
Selects M2HB .50cal Heavy Machine Gun
Construct Medical Station
Mechanized Support Center
Selects Assault Carriers
M3 Assault Carrier
ßoo
ninja6398
Edeon
吓死乖宝宝
CrackSensation
Big Oil Robot
0
0
Comments
sign in to comment!
No comments posted yet!